 Dungeon Crawl Stone Soup version 0.17-a0-1164-g0ba867e (webtiles) character file.

14503 nuthulu the Blocker (level 12, -9/68 HPs)
             Began as a Gargoyle Fighter on May 28, 2015.
             Was a High Priest of Okawaru.
             Killed from afar by a starcursed mass (14 damage)
             ... with an accursed screaming
             ... on level 1 of the Abyss.
             The game lasted 01:04:21 (13332 turns).

nuthulu the Blocker (Gargoyle Fighter)             Turns: 13332, Time: 01:04:21

Health: -9/68      AC: 55    Str: 27 (28) XL:     12   Next: 17%
Magic:  12/12      EV:  5    Int:  7 (13) God:    Okawaru [*****.]
Gold:   404        SH: 13    Dex: 10      Spells: 0 memorised, 11 levels left

rFire  + . .     SeeInvis .     l - +6 hammer (protect)
rCold  + . .     Rnd*Rage +     O - +9 armour of the Dragon King {rPois rF+ rC+ MR+}
rNeg   + + .     SustAt   .     c - +0 shield
rPois  ∞         Gourm    .     G - +1 helmet
rElec  +         Spirit   .     n - +0 cloak
rCorr  .         Warding  .     w - +3 pair of gloves "Waxkozin" {rElec rN+ MR- Int+6}
rMut   .         Stasis   .     r - +2 pair of boots
MR     .....                    (no amulet)
Stlth  ..........               s - +4 ring of protection
                                b - +4 ring of strength

@: not resistant to hostile enchantments, extremely unstealthy
A: berserk 1, blurry vision 2, deterioration 1, dopey 1, frail 1, negative
energy resistance 1, screaming 1, electricity resistance, unbreathing,
petrification resistance, rot immunity, MP-powered wands, AC +8
a: Heroism, Finesse, Renounce Religion


You were on level 1 of the Abyss.
You worshipped Okawaru.
Okawaru was extremely pleased with you.
You were not hungry.

You visited 3 branches of the dungeon, and saw 13 of its levels.
You visited the Abyss 1 time.
You also visited: Labyrinth.

You collected 531 gold pieces.
You spent 127 gold pieces at shops.

Inventory:

Hand weapons
 a - a +1 flail
 l - a +6 hammer of protection (weapon)
Armour
 c - a +0 shield (worn)
 n - a +0 cloak (worn)
 r - a +2 pair of boots (worn)
 w - the +3 pair of gloves "Waxkozin" (worn) {rElec rN+ MR- Int+6}
   (Okawaru gifted it to you on level 10 of the Dungeon)

   It affects your intelligence (+6).
   It insulates you from electricity.
   It protects you from negative energy.
   It affects your resistance to hostile enchantments.
 G - a +1 helmet (worn)
 O - the +9 armour of the Dragon King (worn) {rPois rF+ rC+ MR+}
   (You found it in a labyrinth)

   It protects you from fire.
   It protects you from cold.
   It protects you from poison.
   It affects your resistance to hostile enchantments.
Rods
 K - a +3 lightning rod (11/11)
   (You found it in a labyrinth)
Jewellery
 b - a +4 ring of strength (left hand)
 g - an uncursed ring of see invisible
 k - an uncursed ring of ice
 s - a +4 ring of protection (right hand)
 F - an uncursed ring of protection from cold
 J - an uncursed amulet of faith {unknown}
Magical devices
 m - a wand of polymorph (24)
 x - a wand of teleportation (7)
 y - a wand of digging (5)
 z - a wand of fireball (4)
 A - a wand of paralysis (10)
 C - a wand of enslavement (15)
 M - a wand of draining (9)
Scrolls
 h - a scroll of teleportation
 o - 2 scrolls of magic mapping
 q - 5 scrolls of remove curse
 E - a scroll of holy word
Potions
 d - a potion of might
 j - 2 potions of brilliance
 u - 2 potions of curing
Books
 H - a book of Necromancy

   Spells                             Type                      Level
   a - Pain                           Necromancy                   1
   b - Animate Skeleton               Necromancy                   1
   c - Vampiric Draining              Necromancy                   3
   d - Regeneration                   Charms/Necromancy            3
   e - Animate Dead                   Necromancy                   4
   f - Control Undead                 Necromancy                   4
 L - a book of Transfigurations

   Spells                             Type                      Level
   a - Stoneskin                      Transmutation/Earth          2
   b - Irradiate                      Conjuration/Transmutation    5
   c - Statue Form                    Transmutation/Earth          6
   d - Hydra Form                     Transmutation                6
   e - Dragon Form                    Transmutation                7
 N - a book of Spatial Translocations

   Spells                             Type                      Level
   a - Apportation                    Translocation                1
   b - Blink                          Translocation                2
   c - Shroud of Golubria             Charms/Translocation         2
   d - Portal Projectile              Translocation                3
   e - Teleport Other                 Translocation                3
   f - Passage of Golubria            Translocation                4
Comestibles
 e - 9 bread rations
 f - 2 beef jerkies
 i - 2 fruits
 t - 2 meat rations
 v - 8 slices of pizza


   Skills:
 * Level 9.4 Fighting
 * Level 10.3 Maces & Flails
 * Level 8.9 Armour
 - Level 2.0 Dodging
 + Level 0.8 Stealth
 * Level 13.2 Shields
 + Level 0.7 Invocations


You had 11 spell levels left.
You didn't know any spells.

Dungeon Overview and Level Annotations

Branches:
Dungeon (10/15)            Temple (1/1) D:4            Lair (2/8) D:10
    Orc: D:9-12

Altars:
Ashenzari
Cheibriados
Dithmenos
Elyvilon
Fedhas
Gozag
Kikubaaqudgha
Makhleb
Nemelex Xobeh
Okawaru
Qazlal
Ru
Sif Muna
Trog
Vehumet
Xom
Yredelemnul
Zin
The Shining One
Jiyva

Shops:
D:6 (*[*   D:9 (

Annotations:
Lair:2 Sonja


Innate Abilities, Weirdness & Mutations

You are resistant to torment.
Your stone body is resilient (AC +8).
You are immune to poison.
You resist negative energy.
You are resistant to electric shocks.
You can survive without breathing.
You are immune to petrification.
You are immune to rotting.
You are dopey. (Int -2)
You occasionally shout uncontrollably at your foes.
[You tend to lose your temper in combat.]
[Scrolls take you longer to read.]
[Your body sometimes deteriorates upon taking damage.]
[You are frail (-10% HP).]
[You expend magic power (3 MP) to strengthen your wands.]


Message History

The starcursed mass barely misses you. You block the quasit's attack.
You block the quasit's attack.
The quasit claws you but does no damage.
The starcursed mass engulfs you but does no damage.
Unknown command.
You hit the quasit.
The quasit is moderately wounded.
The starcursed mass engulfs you but does no damage. x2
The quasit bites you but does no damage.
You block the quasit's attack.
The quasit claws you but does no damage.
You sock the quasit!
The quasit is severely wounded.
You block the starcursed mass's attack.
The starcursed mass completely misses you. x2
The quasit bites you but does no damage.
The quasit barely misses you.
The quasit claws you but does no damage.
A cacophony of accursed wailing tears at your sanity!
You die...

#### ##
######...#
#.. .. ...#.#
#.######....#
.. §# #.XXX.
#..# ###
##XXX#.....
#XXXXX#..#
##@# ## . #5#
. #.#
##'#.###.
##... .. . #
..... .#
..... . ##
..... .## # .
.... . . . .


You could see 11 starcursed masses and a quasit.

Vanquished Creatures
  A minotaur (Lab)
  Fannar (Lair:2)
  A hydra (Lair:1)
  Urug (Lair:2)
  2 hill giants
  A black mamba (Lair:2)
  4 wandering mushrooms (Lab)
  A komodo dragon (Lair:2)
  A demonic crawler (Abyss:1)
  A troll (D:10)
  2 spiny frogs (Lair:2)
  2 minotaur zombies (Lab)
  A wyvern (D:10)
  A human (D:7)
  A hippogriff (Lair:1)
  9 yaks
  A wraith (D:10)
  2 wargs (D:10)
  A hungry ghost (D:7)
  A neqoxec (Abyss:1)
  A hog (D:7)
  3 water moccasins
  3 ice beasts
  A sky beast (D:5)
  3 orc warriors
  7 ogres
  A large abomination (Abyss:1)
  A necrophage (D:10)
  A phantom (D:6)
  2 crocodiles (Lair:2)
  4 centaurs
  An elf zombie (D:4)
  An elf skeleton (D:4)
  3 scorpions
  7 giant frogs
  3 killer bees (D:7)
  6 wights
  3 crimson imps
  7 orc wizards
  7 hounds
  A human zombie (D:4)
  2 jellies
  Crazy Yiuf (D:2)
  4 orc priests
  3 centaur skeletons
  A giant frog skeleton (D:7)
  A gnoll shaman (D:9)
  8 iguanas
  11 sheep
  7 worker ants
  3 hell rats (D:5)
  A killer bee zombie (D:8)
  2 worker ant zombies (D:8)
  6 adders
  5 gnolls
  18 river rats
  5 shadow imps
  A white imp (D:9)
  3 oozes
  An adder skeleton (D:4)
  An adder zombie (D:6)
  6 giant geckos
  29 orcs
  14 bats
  2 bat skeletons
  A bat zombie (D:4)
  6 hobgoblins
  18 kobolds
  A quokka (D:3)
  3 ball pythons
  10 giant cockroaches
  A giant gecko zombie (D:6)
  3 giant newts
  11 goblins
  3 goblin zombies (D:9)
  15 jackals
  A kobold skeleton (D:9)
  5 orc skeletons
  An orc zombie (D:9)
  2 quokka skeletons
  41 rats
358 creatures vanquished.

Vanquished Creatures (others)
  An orc wizard (D:7)
  A bat (D:10)
  A fungus (D:2)
3 creatures vanquished.

Grand Total: 361 creatures vanquished

Notes
Turn   | Place    | Note
--------------------------------------------------------------
     0 | D:1      | nuthulu the Gargoyle Fighter began the quest for the Orb.
     0 | D:1      | Reached XP level 1. HP: 14/14 MP: 1/1
   132 | D:1      | Reached XP level 2. HP: 14/19 MP: 2/2
   849 | D:2      | Reached XP level 3. HP: 23/23 MP: 3/3
  1440 | D:2      | Found a glowing silver altar of Zin.
  1601 | D:2      | Reached skill level 4 in Shields
  1601 | D:2      | Reached XP level 4. HP: 28/28 MP: 4/4
  1675 | D:2      | Noticed Crazy Yiuf
  1698 | D:2      | Killed Crazy Yiuf
  1870 | D:3      | Found a burning altar of Makhleb.
  2142 | D:3      | Reached skill level 1 in Dodging
  2804 | D:4      | Reached XP level 5. HP: 29/33 MP: 5/5
  2849 | D:4      | Noticed an ogre
  2859 | D:4      | Killed an ogre
  2859 | D:4      | Reached skill level 5 in Shields
  2859 | D:4      | Reached XP level 6. HP: 25/38 MP: 6/6
  3558 | D:4      | Found a radiant altar of Vehumet.
  3607 | D:4      | Found a staircase to the Ecumenical Temple.
  3608 | D:4      | Noticed a centaur
  3627 | D:4      | Killed a centaur
  3659 | D:4      | Found a shadowy altar of Dithmenos.
  3683 | Temple   | Entered the Ecumenical Temple
  3802 | Temple   | Became a worshipper of Warmaster Okawaru
  3856 | D:4      | Noticed an ogre
  3869 | D:4      | Reached skill level 5 in Armour
  3881 | D:4      | Killed an ogre
  3881 | D:4      | Reached XP level 7. HP: 34/44 MP: 7/7
  4109 | D:4      | Reached skill level 6 in Shields
  4129 | D:4      | Acquired Okawaru's first power
  4238 | D:5      | Entered Level 5 of the Dungeon
  4862 | D:5      | Reached skill level 5 in Fighting
  4862 | D:5      | Reached XP level 8. HP: 45/49 MP: 8/8
  4913 | D:5      | Reached skill level 7 in Shields
  5086 | D:5      | Reached skill level 5 in Maces & Flails
  5607 | D:6      | Found a blossoming altar of Fedhas.
  5663 | D:6      | Found Poguroobb's Weapon Emporium.
  5806 | D:6      | Reached XP level 9. HP: 55/55 MP: 9/9
  5814 | D:6      | Found Gapen's Armour Boutique.
  5834 | D:6      | Reached skill level 8 in Shields
  5857 | D:6      | Found Kutreose's Assorted Antiques.
  5915 | D:6      | Bought a pair of runed boots for 94 gold pieces
  6187 | D:6      | Found Ongysuwk's General Store.
  6190 | D:6      | Bought a potion of curing for 33 gold pieces
  6640 | D:7      | Found a sacrificial altar of Ru.
  6725 | D:7      | Reached skill level 9 in Shields
  6968 | D:7      | Found an opulent altar of Gozag.
  6986 | D:7      | Found a sparkling altar of Nemelex Xobeh.
  6987 | D:7      | Found a deep blue altar of Sif Muna.
  6991 | D:7      | Found a snail-covered altar of Cheibriados.
  7459 | D:8      | Reached XP level 10. HP: 61/61 MP: 10/10
  7516 | D:8      | Received a gift from Okawaru
  7563 | D:8      | Reached skill level 10 in Shields
  8068 | D:9      | Found a glowing golden altar of the Shining One.
  8108 | D:9      | Noticed a hill giant
  8130 | D:9      | Killed a hill giant
  8130 | D:9      | Received a gift from Okawaru
  8759 | D:9      | Found Beyr's Weapon Emporium.
  8975 | D:10     | Entered Level 10 of the Dungeon
  8984 | D:10     | Gained mutation: You are clumsy. (Dex -2) [potion of mutation]
  8984 | D:10     | Gained mutation: You are dopey. (Int -2) [potion of mutation]
  8984 | D:10     | Gained mutation: You have a pair of small horns on your head. [potion of mutation]
  8985 | D:10     | Lost mutation: You have a pair of small horns on your head. [potion of cure mutation]
  8985 | D:10     | Lost mutation: You are dopey. (Int -2) [potion of cure mutation]
  8985 | D:10     | Lost mutation: You are clumsy. (Dex -2) [potion of cure mutation]
  9019 | D:10     | Acquired Okawaru's second power
  9042 | D:10     | Reached skill level 11 in Shields
  9048 | D:10     | Received a gift from Okawaru
  9093 | D:10     | Found a staircase to the Lair.
  9256 | D:10     | Noticed a hill giant
  9649 | D:10     | Killed a hill giant
  9649 | D:10     | Reached XP level 11. HP: 29/68 MP: 11/11
  9893 | D:10     | Received a gift from Okawaru
  9899 | D:10     | Got a pair of faintly glowing gloves {god gift}
  9912 | D:10     | Identified the +3 pair of gloves "Waxkozin" {rElec rN+ MR- Int+6} (Okawaru gifted it to you on level 10 of the Dungeon)
 10335 | Lair:1   | Entered Level 1 of the Lair of Beasts
 10854 | Lair:1   | Reached skill level 12 in Shields
 10899 | Lair:1   | Found a labyrinth entrance.
 10910 | Lab      | Entered a labyrinth
 12012 | Lab      | Noticed a minotaur
 12027 | Lab      | Killed a minotaur
 12252 | Lair:2   | Noticed Urug
 12328 | Lair:1   | Noticed a four-headed hydra
 12347 | Lair:1   | Killed a four-headed hydra
 12471 | Lair:2   | Killed Urug
 12471 | Lair:2   | Reached skill level 10 in Maces & Flails
 12594 | Lair:2   | Reached XP level 12. HP: 76/76 MP: 12/12
 12615 | Lair:2   | Noticed Fannar
 12671 | Lair:2   | Killed Fannar
 12671 | Lair:2   | Reached skill level 13 in Shields
 12956 | Lair:2   | Noticed Sonja
 12975 | Lair:2   | Cast into the Abyss (Sonja)
 13160 | Abyss:1  | Found a corrupted altar of Lugonu.
 13170 | Abyss:1  | Found a corrupted altar of Lugonu.
 13185 | Abyss:1  | Noticed an ancient lich
 13202 | Abyss:1  | Noticed a hell beast
 13213 | Abyss:1  | Noticed a balrug
 13274 | Abyss:1  | Gained mutation: You are dopey. (Int -2) [a neqoxec]
 13283 | Abyss:1  | Gained mutation: [Scrolls take you longer to read.] [a neqoxec]
 13301 | Abyss:1  | Gained mutation: You occasionally shout uncontrollably at your foes. [a neqoxec]
 13307 | Abyss:1  | Noticed a starcursed mass
 13314 | Abyss:1  | Paralysed by accursed screaming for 2 turns
 13319 | Abyss:1  | HP: 3/68 [starcursed mass/accursed screaming (19)]
 13332 | Abyss:1  | Killed from afar by a starcursed mass

Vault maps used:
D:1:      dpeg_chamrin_arrival_tetris
D:2:      zin_treasury, first_bread, uniq_crazy_yiuf_cottage
D:3:      bloody_makhleb
D:4:      wad_lake_hut, lemuel_doored_altar, minmay_temple_entry_glass,
          nicolae_ossuary_entry_catacombs, serial_glass, glass_columns_b,
          glass_columns_a, grunt_dithmenos_smoke
D:5:      lemuel_ratsnest, minmay_crossroads
D:6:      lemuel_round_altar, serial_shops, nicolae_shop_stone,
          nicolae_shop_behind_doors,
          nicolae_shop_temple_entry_statues_fountains, nicolae_shop_trees
D:7:      minitemple, nicolae_ru_the_path_less_chosen, grunt_livestock,
          ldierk_geyser
D:8:      hangedman_decor_growths, patterned_corridor
D:9:      nicolae_tso_besieged_by_evil, serial_shops, shop
D:10:     erik_lair_orcish_takeover, serial_column_ruins,
          column_ruins_hut_ruined, column_ruins_open_tiny,
          column_ruins_open_small, column_ruins_open_large,
          column_ruins_open_large, column_ruins_columns_corner,
          column_ruins_grid_4
Temple:   pf_slime_end_temple
Lair:1:   lab_entry_generic
Lair:2:   uniq_fannar, uniq_urug, uniq_sonja
Abyss:1:  bh_abyss_negative
Lab:      labyrinth_hidden_loot, nicolae_lab_arrow, nicolae_lab_plus,
          nicolae_lab_very_dead_end, labyrinth_glass_1

Action                   |  1- 3 |  4- 6 |  7- 9 | 10-12 || total
-------------------------+-------+-------+-------+-------++-------
Melee: Flail             |   172 |   196 |   175 |       ||   543
       Hammer            |       |       |   531 |   874 ||  1405
Invok: Finesse           |       |       |       |     1 ||     1
Evoke: Wand              |       |     1 |       |     1 ||     2
  Use: Scroll            |     7 |     2 |     9 |    14 ||    32
       Potion            |       |     1 |     4 |     9 ||    14
  Eat: Chunk             |     1 |     3 |    13 |    15 ||    32
       Pizza             |     1 |       |       |     1 ||     2
       Bread ration      |       |     1 |       |       ||     1
       Royal jelly       |       |       |       |     1 ||     1
       Beef jerky        |       |       |       |     1 ||     1
       Fruit             |       |       |       |     1 ||     1
